 Dungeon Crawl Stone Soup version 0.27-a0-1597-ge58577e147 (webtiles) character file.

Game seed: 9613117032457536571

236 Fv001 the Shield-Bearer (level 6, -2/38 HPs)
             Began as a Gargoyle Fighter on July 21, 2021.
             Killed from afar by Natasha (9 damage)
             ... with a puff of flame
             ... on level 2 of the Dungeon.
             The game lasted 00:03:25 (1620 turns).

Fv001 the Shield-Bearer (Gargoyle Fighter)          Turns: 1620, Time: 00:03:26

Health: -2/38      AC: 15    Str: 20    XL:     6   Next: 6%
Magic:  8/8        EV:  8    Int: 10    God:
Gold:   47         SH:  9    Dex:  9    Spells: 8/8 levels left

rFire    . . .     SeeInvis .   a - +0 flail
rCold    . . .     Faith    .   c - +0 kite shield
rNeg     + . .     Spirit   .   b - +0 scale mail
rPois    ∞         Reflect  .   j - +0 helmet
rElec    +         Harm     .   k - +2 cloak
rCorr    .         Rampage  .   (no gloves)
Will     .....                  (no boots)
Stlth    ..........             (no amulet)
HPRegen  0.12/turn              (no ring)
MPRegen  0.11/turn              (no ring)

@: attractive, flying, slowed, very slow
A: sickness immunity, AC +4, negative energy resistance 1, electricity
resistance, torment resistance 1, petrification resistance
a: no special abilities


You were on level 2 of the Dungeon.
You visited 1 branch of the dungeon, and saw 2 of its levels.

You collected 47 gold pieces.

Inventory:

Hand Weapons
 a - a +0 flail (weapon)
Armour
 b - a +0 scale mail (worn)
 c - a +0 kite shield (worn)
 j - a +0 helmet (worn)
 k - a +2 cloak (worn)
Scrolls
 e - a scroll of magic mapping
 g - a scroll of identify {unknown}
 h - a scroll of teleportation {unknown}


   Skills:
 + Level 4.0 Fighting
 + Level 3.0 Maces & Flails
 + Level 4.2 Armour
 + Level 1.5 Dodging
 + Level 4.3 Shields
 + Level 1.8 Spellcasting


You had 8 spell levels left.
You didn't know any spells.
Your spell library contained the following spells:

 Spells                   Type           Power      Damage    Failure   Level
 Ignite Poison            Fire/Tmut/Pois 0%         N/A       100%        3
 Mephitic Cloud           Conj/Pois/Air  0%         N/A       100%        3
 Bolt of Magma            Conj/Fire/Erth 0%         4d4       100%        5


Dungeon Overview and Level Annotations

Branches:
Dungeon (2/15)

Altars:

Annotations:
D:2 Natasha


Innate Abilities, Weirdness & Mutations

You are immune to sickness and miasma.
Your stone body is resilient. (AC +4)
You are immune to poison.
You resist negative energy. (rN+)
You are resistant to electric shocks. (rElec)
You are resistant to unholy torment.
You are immune to petrification.


Message History

Natasha is severely wounded.
The giant cockroach bites you but does no damage.
Natasha claws you but does no damage.
The shadow imp hits you but does no damage.
The crimson imp blinks!
The giant cockroach bites you but does no damage.
You block Natasha's attack.
The shadow imp shouts, "Out, out, thou grime-gilt guts-griping vulture!"
The shadow imp hits you. The giant cockroach bites you.
* * * LOW HITPOINT WARNING * * *
It was a potion of curing.
You feel better.
Natasha zaps a wand.
The puff of flame hits you but does no damage.
The shadow imp hits you. The crimson imp closely misses you.
The giant cockroach bites you but does no damage.
You block the crimson imp's attack. The shadow imp gestures at you.
Pain shoots through your body! Natasha barely misses you.
The crimson imp hits you but does no damage.
It was a potion of flight.
You feel very buoyant.
You fly up into the air.
The giant cockroach bites you.
* * * LOW HITPOINT WARNING * * *
The crimson imp hits you but does no damage.
Natasha claws you but does no damage.
The shadow imp hits you but does no damage.
The giant cockroach barely misses you.
The crimson imp hits you but does no damage.
The crimson imp spits at you. The crimson imp hits you.
* * * LOW HITPOINT WARNING * * *
It was a potion of attraction.
You feel attractive to monsters. The giant cockroach closely misses you.
Natasha zaps a wand.
The puff of flame hits you.
* * * LOW HITPOINT WARNING * * *
The shadow imp hits you but does no damage.
The crimson imp barely misses you.
The crimson imp blinks!
You block the giant cockroach's attack.
Natasha zaps a wand.
The puff of flame hits you!
You die...

..,,≈,≈≈≈≈,≈≈,,* *,,,,,,,,,*
.#,,≈≈≈,≈≈.≈≈P.* *....,,,,,***
.#,,≈≈≈≈≈P≈≈...#####......,,,,,**
.#*,**,,,,.♣..............,,,,,,*
##*,*****,................,,_,,,*
# *,****,,..#.............,,,,,,*
# *,,,,,,*#B#.............,,,,,,,
**,,,,,*#.#..§h5........,,,**,,
*,,,,,*#.#...@B...........##,*
****,,,,,*#)#...)5............,,*
*,,,,,,,,*#.#................#***
#.#*,,,,,*#..#†..............#
..#*,,,,,*##.)#...(.#5.......*
###******* ##.#######.###..#**
##########...†# *,##..#*
##...)...#####.# *,*#.#*
##..#####...# #.# *,*#.#


You could see Natasha, 2 crimson imps, a shadow imp (summoned) and a giant
cockroach.

Vanquished Creatures
  Sigmund (D:2)
  Natasha (D:2)
  An adder (D:1)
  2 worms (D:2)
  5 ball pythons
  A bat (D:2)
  3 endoplasms
  4 giant cockroaches
  3 goblins
  5 hobgoblins
  A jackal (D:2)
  6 kobolds
  3 quokkas (D:2)
  4 frilled lizards
  2 rats (D:1)
42 creatures vanquished.

Vanquished Creatures (others)
  4 plants (D:2)
4 creatures vanquished.

Grand Total: 46 creatures vanquished

Notes
Turn   | Place    | Note
-------+----------+-------------------------------------------
     0 | D:1      | Fv001 the Gargoyle Fighter began the quest for the Orb.
     0 | D:1      | Reached XP level 1. HP: 14/14 MP: 1/1
   217 | D:1      | Reached XP level 2. HP: 18/19 MP: 2/2
   935 | D:2      | Noticed Sigmund
   953 | D:1      | Reached XP level 3. HP: 17/23 MP: 2/4
  1187 | D:2      | Noticed Natasha
  1194 | D:2      | Killed Natasha
  1195 | D:2      | Reached skill level 1 in Spellcasting
  1195 | D:2      | Reached XP level 4. HP: 8/28 MP: 5/5
  1491 | D:2      | Reached skill level 1 in Dodging
  1521 | D:2      | Killed Sigmund
  1522 | D:2      | Reached XP level 5. HP: 25/33 MP: 5/7
  1522 | D:2      | Reached XP level 6. HP: 28/38 MP: 5/8
  1605 | D:2      | Noticed Natasha
  1620 | D:2      | Killed from afar by Natasha

Illustrated notes

Levels and vault maps discovered:
D:1:      nicolae_arrival_somewhat_less_tricky_arrival, layout_basic
D:2:      layout_rooms, basic_altar, grunt_decor_resistance,
          serial_bayou_pond_b, uniq_sigmund, uniq_natasha

Skill      XL: |  1  2  3  4 |
---------------+-------------+-----
Spellcasting   | 1 |  1.8
Dodging        | 1 |  1.5
Fighting       | 4 |  4.0
Maces & Flails | 3 |  3.0
Armour         | 4 |  4.2
Shields        | 4 |  4.3

Action                   |  1- 3 |  4- 6 || total
-------------------------+-------+-------++-------
Melee: Flail             |   108 |    65 ||   173
  Use: Potion            |       |     4 ||     4
       Scroll            |       |     1 ||     1
Armor: Scale mail        |    54 |    70 ||   124
Dodge: Dodged            |    21 |    35 ||    56
Block: Kite shield       |    56 |    45 ||   101

Table legend: (Time is in decaauts)
 A = Elapsed time spent in this place.
 B = Non-inter-level travel time spent in this place.
 C = Inter-level travel time spent in this place.
 D = Time resting spent in this place.
 E = Time spent auto-exploring this place.
 F = Levels seen in this place.
 G = Mean time per level.
                   A        B        C        D        E       F      G
               +--------+--------+--------+--------+--------+-----+--------+
         Total |   1715 |   1575 |    140 |    204 |    905 |   2 |  857.5 |
       Dungeon |   1715 |   1575 |    140 |    204 |    905 |   2 |  857.5 |
               +--------+--------+--------+--------+--------+-----+--------+

Top non-repeatable levels by time:
     D:1: 1071 daAuts
     D:2: 644 daAuts
